Map: Dusk Towers

Players

sGPhatHamsta

  • Race: Protoss Protoss
  • League: Bronze
  • Spawn Location: 7:00

Fropez - Winner!

  • Race: Protoss Protoss
  • League: Silver
  • Spawn Location: 1:00

VOD

Have the link to the VOD?

Description

Time

  • Played on: May 18, 2016, 11:37 p.m.
  • Length: 27:57
Show
View Real Time Build Order
Export as new Build Order

sGPhatHamsta Protoss 

Build Orders:  

Get SALT Encoding   

  12  0:01  Probe (Chrono Boost)  
  13  0:12  Probe (Chrono Boost)  
  14  0:18  Pylon  
  14  0:22  Probe (Chrono Boost)  
  15  0:37  Gateway  
  15  0:38  Probe (Chrono Boost)  
  16  0:49  Probe (Chrono Boost)  
  17  0:52  Assimilator  
  17  1:04  Probe (Chrono Boost)  
  18  1:14  Pylon  
  18  1:24  Cybernetics Core  
  18  1:35  Probe (Chrono Boost)  
  19  1:42  Zealot (Chrono Boost)  
  19  1:46  Probe (Chrono Boost)  
  22  1:57  Probe  
  23  2:01  Assimilator  
  23  2:05  Pylon, Warp Gate (Chrono Boost)  
  23  2:09  Probe (Chrono Boost)  
  24  2:20  Zealot  
  24  2:21  Mothership Core (Chrono Boost)  
  28  2:31  Gateway  
  28  2:32  Gateway  
  28  2:44  Probe (Chrono Boost)  
  29  2:47  Stalker  
  31  2:53  Pylon  
  31  2:54  Probe (Chrono Boost)  
  32  3:05  Probe  
  35  3:20  Stalker (Chrono Boost)  
  35  3:21  Probe  
  35  3:25  Stalker (Chrono Boost)  
  40  3:31  Stalker (Chrono Boost)  
  40  3:34  Probe  
  41  3:42  Gateway  
  37  4:16  Stalker x3  
  43  4:28  Pylon  
  43  4:31  Pylon  
  43  4:41  Nexus  
  43  4:43  Pylon  
  41  5:00  Pylon  
  42  5:07  Probe (Chrono Boost)  
  42  5:17  Robotics Facility  
  42  5:18  Probe (Chrono Boost)  
  43  5:27  Stalker x2  
  47  5:28  Probe (Chrono Boost)  
  48  5:39  Probe (Chrono Boost)  
  50  5:50  Probe (Chrono Boost)  
  50  5:54  Forge  
  52  6:04  Probe x2 (Chrono Boost)  
  52  6:06  Stalker  
  52  6:07  Stalker  
  56  6:14  Probe (Chrono Boost)  
  56  6:15  Probe (Chrono Boost)  
  59  6:18  Observer  
  59  6:46  Stalker x3  
  59  6:47  Stalker  
  67  6:48  Probe (Chrono Boost)  
  67  6:49  Probe (Chrono Boost)  
  69  6:54  Protoss Ground Weapons Level 1 (Chrono Boost)  
  69  6:56  Immortal  
  69  6:59  Probe (Chrono Boost)  
  69  7:00  Probe (Chrono Boost)  
  75  7:22  Pylon  
  75  7:31  Probe x2 (Chrono Boost)  
  77  7:41  Probe x2 (Chrono Boost)  
  79  7:49  Assimilator  
  79  7:53  Assimilator  
  75  8:03  Stalker x4  
  74  8:22  Photon Cannon  
  74  8:24  Photon Cannon  
  68  8:54  Probe x2 (Chrono Boost)  
  70  9:05  Pylon, Probe x2 (Chrono Boost)  
  72  9:15  Probe x2 (Chrono Boost)  
  74  9:17  Nexus  
  74  9:26  Probe x2 (Chrono Boost)  
  74  9:29  Nexus  
  75  9:32  Protoss Ground Armor Level 1 (Chrono Boost)  
  75  9:39  Immortal (Chrono Boost)  
  75  9:45  Twilight Council  
  79  9:50  Probe  
  79  9:51  Probe  
  81  9:53  Stalker x2  
  81  9:54  Stalker x2  
  89  10:00  Probe  
  89  10:03  Probe  
  91  10:15  Probe  
  92  10:27  Probe  
  92  10:28  Probe  
  94  10:37  Probe  
  94  10:40  Probe  
  96  10:45  Assimilator  
  96  10:49  Probe x3, Assimilator  
  96  10:52  Probe  
  100  10:59  Probe, Immortal (Chrono Boost)  
  100  11:00  Probe  
  106  11:07  Stalker x4  
  114  11:14  Pylon  
  114  11:16  Probe  
  114  11:17  Probe x2  
  114  11:18  Probe  
  118  11:27  Probe x3  
  118  11:30  Probe  
  118  11:31  Stalker  
  118  11:32  Stalker  
  126  11:36  Stalker  
  126  11:37  Immortal (Chrono Boost)  
  132  11:44  Pylon  
  132  11:46  Pylon  
  132  11:47  Probe  
  132  11:55  Pylon  
  129  12:18  Photon Cannon  
  129  12:25  Stalker x2  
  129  12:26  Stalker x2  
  137  12:30  Immortal (Chrono Boost)  
  141  12:37  Blink (Chrono Boost)  
  141  12:38  Protoss Shields Level 1 (Chrono Boost)  
  141  12:47  Pylon  
  141  12:57  Stargate  
  141  12:59  Stargate  
  141  13:00  Probe x3  
  141  13:01  Probe  
  141  13:02  Stargate  
  145  13:07  Stalker  
  145  13:08  Stalker x3  
  145  13:10  Probe  
  154  13:13  Probe, Immortal (Chrono Boost)  
  159  13:28  Probe  
  159  13:29  Probe, Mothership Core  
  159  13:30  Probe  
  164  13:37  Assimilator x2  
  164  13:39  Probe x2  
  163  13:42  Probe  
  163  13:47  Nexus  
  150  14:12  Stalker  
  150  14:13  Stalker x3  
  158  14:22  Pylon  
  158  14:30  Gateway  
  158  14:31  Gateway  
  158  14:33  Gateway  
  158  14:35  Gateway  
  158  14:38  Gateway  
  158  14:42  Pylon  
  158  14:43  Pylon, Gateway  
  158  14:46  Pylon  
  158  14:48  Pylon  
  158  14:50  Pylon, Void Ray x2 (Chrono Boost)  
  158  14:51  Void Ray (Chrono Boost)  
  122  15:17  Stalker x4  
  73  15:47  Void Ray (Chrono Boost)  
  73  15:48  Void Ray x2 (Chrono Boost)  
  85  16:04  Pylon  
  85  16:13  Immortal (Chrono Boost)  
  89  16:22  Stalker x2  
  89  16:23  Stalker x5  
  89  16:24  Stalker x3  
  109  16:48  Stalker x2  
  109  16:49  Stalker x5  
  109  16:50  Stalker  
  125  16:54  Stalker  
  125  16:55  Void Ray x2  
  125  16:58  Immortal (Chrono Boost)  
  125  17:00  Void Ray  
  103  17:40  Stalker x5  
  103  17:41  Stalker x5  
  85  18:05  Stalker x5  
  87  18:06  Stalker x2  
  81  19:03  Void Ray x2  
  81  19:09  Void Ray  
  81  19:40  Void Ray x2  
  81  19:45  Stalker x6  
  80  19:46  Stalker x3  
  80  19:51  Void Ray  
  79  20:18  Void Ray x2  
  74  20:31  Probe x3  
  76  20:43  Probe  
  58  21:48  Probe  
  58  21:50  Probe  
  60  21:57  Probe  
  60  22:00  Probe  
  62  22:02  Probe  
  63  22:20  Probe  
  64  22:56  Probe x3  
  67  23:21  Probe  
  67  23:22  Probe x2  
  70  23:39  Pylon  
  70  23:41  Probe x2 (Chrono Boost)  
  70  24:42  Probe x2 (Chrono Boost)  
  70  24:44  Probe (Chrono Boost)  
  73  24:52  Probe x2 (Chrono Boost)  
  75  24:56  Nexus, Probe (Chrono Boost)  
  76  25:03  Probe x2 (Chrono Boost)  
  79  25:08  Probe (Chrono Boost)  
  63  26:01  Void Ray  
  63  26:06  Void Ray  
  71  26:13  Probe (Chrono Boost)  
  70  26:45  Nexus  
  70  27:06  Probe (Chrono Boost)  
  71  27:09  Void Ray  
  83  27:16  Probe (Chrono Boost)  
  83  27:17  Nexus  
Show
View Real Time Build Order
Export as new Build Order

Fropez Protoss - Winner!

Build Orders: Mass Adepts 

Get SALT Encoding   

  12  0:11  Pylon  
  12  0:30  Gateway  
  12  0:38  Gateway  
  12  0:44  Probe (Chrono Boost)  
  13  0:50  Assimilator  
  13  0:54  Probe (Chrono Boost)  
  14  1:05  Probe (Chrono Boost)  
  14  1:09  Pylon  
  15  1:15  Probe (Chrono Boost)  
  16  1:26  Probe (Chrono Boost)  
  16  1:28  Assimilator  
  17  1:36  Probe (Chrono Boost)  
  18  1:43  Cybernetics Core  
  19  1:47  Probe (Chrono Boost)  
  19  1:57  Probe (Chrono Boost)  
  20  2:08  Probe (Chrono Boost)  
  21  2:19  Adept, Probe (Chrono Boost)  
  21  2:21  Adept  
  26  2:29  Probe (Chrono Boost)  
  27  2:40  Probe (Chrono Boost)  
  28  2:47  Gateway  
  28  2:50  Probe (Chrono Boost)  
  29  2:57  Pylon  
  29  3:01  Probe (Chrono Boost)  
  29  3:05  Warp Gate (Chrono Boost)  
  30  3:14  Mothership Core  
  31  3:24  Adept x2  
  31  3:26  Pylon  
  35  3:35  Probe  
  34  4:06  Adept x2  
  34  4:07  Adept  
  38  4:11  Probe  
  38  4:12  Forge  
  39  4:21  Twilight Council  
  39  4:23  Probe  
  40  4:29  Pylon  
  40  4:35  Probe  
  41  4:45  Protoss Ground Weapons Level 1 (Chrono Boost)  
  39  4:58  Adept x3, Blink  
  39  4:59  Probe  
  46  5:16  Robotics Facility  
  46  5:19  Probe  
  46  5:21  Pylon  
  47  5:37  Stalker x2  
  47  5:38  Stalker  
  53  5:53  Probe  
  54  6:04  Nexus  
  54  6:07  Assimilator  
  54  6:11  Assimilator  
  54  6:15  Immortal (Chrono Boost)  
  58  6:27  Protoss Ground Weapons Level 2 (Chrono Boost)  
  58  6:39  Stalker x2  
  62  7:13  Probe  
  63  7:18  Pylon  
  63  7:19  Stalker x2  
  71  7:23  Immortal (Chrono Boost)  
  71  8:24  Stalker x3  
  63  8:53  Immortal (Chrono Boost)  
  63  8:54  Protoss Ground Weapons Level 3 (Chrono Boost)  
  67  9:01  Robotics Facility  
  67  9:02  Gateway  
  67  9:06  Pylon  
  67  9:09  Probe  
  68  9:10  Photon Cannon  
  68  9:11  Pylon  
  68  9:16  Stalker x3  
  74  9:22  Photon Cannon  
  74  9:35  Probe  
  75  9:38  Immortal  
  75  9:44  Stalker x3  
  85  9:47  Probe  
  86  9:58  Probe  
  86  9:59  Probe  
  88  10:09  Probe  
  88  10:11  Probe  
  86  10:30  Immortal x2  
  94  10:36  Stalker x2  
  94  10:37  Stalker  
  100  10:49  Gateway  
  100  10:50  Probe  
  100  10:51  Probe  
  102  11:11  Nexus  
  102  11:13  Pylon  
  102  11:17  Pylon x2  
  102  11:30  Probe  
  102  11:31  Probe  
  104  11:40  Probe  
  104  11:43  Probe  
  104  12:07  Stalker  
  104  12:08  Stalker x3  
  112  12:09  Probe  
  112  12:10  Probe  
  112  12:15  Protoss Ground Armor Level 1 (Chrono Boost)  
  114  12:28  Probe x3  
  114  12:29  Assimilator  
  117  12:33  Assimilator  
  117  12:35  Observer x2  
  119  12:39  Photon Cannon  
  119  12:41  Photon Cannon  
  119  12:46  Probe  
  119  12:47  Probe  
  119  12:48  Pylon  
  119  12:49  Gateway  
  121  12:51  Probe  
  121  12:52  Templar Archives  
  121  12:53  Gateway  
  121  12:58  Observer x2  
  124  13:32  Probe x2  
  124  13:33  Probe  
  97  13:56  Stalker x4  
  97  13:57  Stalker  
  97  13:59  Immortal x2  
  115  14:08  Gateway  
  115  14:12  Pylon  
  115  14:25  High Templar x6  
  115  14:26  High Templar  
  115  14:29  Archon x2  
  115  14:30  Archon  
  107  15:18  Stalker x5  
  107  15:19  Stalker x2  
  89  15:52  High Templar x7  
  89  15:55  Immortal  
  89  15:56  Immortal  
  111  16:07  Protoss Ground Armor Level 2 (Chrono Boost), Nexus  
  111  16:09  Assimilator  
  111  16:14  Assimilator  
  111  16:20  Probe x2  
  111  16:21  Probe  
  114  16:26  Archon x3  
  114  16:28  Pylon, Archon  
  114  16:29  High Templar x2  
  114  16:30  High Templar x2  
  114  16:31  Zealot x2  
  114  16:32  Zealot  
  128  16:37  Charge (Chrono Boost)  
  128  16:44  Pylon  
  124  17:32  Archon  
  124  17:33  Archon  
  100  17:42  Stalker x5  
  100  17:43  Stalker x3  
  82  18:07  Immortal  
  82  18:08  Immortal  
  82  18:10  Zealot x2  
  82  18:11  Zealot x6  
  106  18:16  Protoss Ground Armor Level 3  
  106  18:18  Gateway  
  106  18:20  Gateway  
  106  18:24  Gateway  
  106  18:45  Zealot x7  
  106  18:46  Zealot  
  106  18:47  Immortal x2  
  130  18:56  Nexus  
  130  18:58  Assimilator  
  111  19:11  Stalker x3  
  111  19:12  Stalker x4  
  109  19:30  High Templar x3  
  104  19:34  Archon  
  77  20:04  High Templar x4  
  85  20:08  Archon x2  
  85  20:10  Zealot x3  
  85  20:11  Zealot x3  
  97  20:21  Pylon  
  89  20:43  Zealot x5  
  89  20:44  Zealot x3  
  101  20:57  Probe x2  
  101  20:58  Probe  
  101  21:01  Stargate x2  
  96  21:08  Probe  
  96  21:09  Nexus, Probe  
  96  21:10  Probe  
  79  21:45  Phoenix x2  
  81  21:47  Probe  
  81  21:48  Probe x2  
  82  21:58  Probe  
  82  22:00  Probe x2  
  81  22:13  Phoenix  
  83  22:20  Phoenix (Chrono Boost)  
  85  22:38  Phoenix (Chrono Boost)  
  87  22:45  Phoenix (Chrono Boost)  
  89  23:01  Phoenix (Chrono Boost)  
  91  23:12  Phoenix (Chrono Boost)  
  93  23:23  Phoenix (Chrono Boost)  
  97  23:34  Phoenix (Chrono Boost)  
  97  23:48  Phoenix (Chrono Boost)  
  99  23:49  Nexus  
  99  23:51  Assimilator  
  101  23:55  Assimilator  
  101  23:56  Phoenix (Chrono Boost), Pylon  
  101  24:00  Pylon  
  101  24:02  Pylon  
  101  24:05  Pylon  
  101  24:09  Zealot  
  105  24:10  Phoenix (Chrono Boost), Zealot  
  107  24:17  Phoenix (Chrono Boost)  
  111  24:31  Phoenix (Chrono Boost)  
  111  24:39  Phoenix (Chrono Boost)  
  109  24:53  Phoenix (Chrono Boost)  
  111  25:01  Phoenix (Chrono Boost)  
  95  25:37  Probe  
  95  25:39  Probe x2  
  95  25:40  Probe x2  
  95  25:42  Stalker x2  
  102  25:43  Stalker x4  
  102  25:44  Stalker x5  
  122  25:55  Probe  
  122  25:56  Probe  
  120  25:57  Probe x3  
  123  26:09  Nexus  
  123  26:11  Assimilator  
  123  26:15  Assimilator  
  123  26:39  High Templar x6  
  135  26:40  High Templar x2  
  135  26:43  Archon x3  
  135  26:44  Archon  
Tags
 
Composition
Mass Adepts
Matchup
PvP
Replay Pack
All Mines
Spawn Locations
Cross Positions
Add a new tag
Caveats
  • Supply blocks, unpowered buildings, or Contaminate may cause inaccurate times.
  • Supply counts are checked every 10 seconds.